 Dungeon Crawl Stone Soup version 0.22.1-2-g9c5b331383 (webtiles) character file.

1407 Gunterle the Conjurer (level 8, -8/46 HPs)
             Began as an Octopode Conjurer on Jan 5, 2019.
             Was an Initiate of Ashenzari.
             Mangled by Harold
             ... wielding a +0 halberd
              (26 damage)
             ... on level 7 of the Dungeon.
             The game lasted 00:43:04 (6611 turns).

Gunterle the Conjurer (Octopode Conjurer)           Turns: 6611, Time: 00:43:04

Health: -8/46      AC:  1    Str:  8    XL:     8   Next: 70%
Magic:  0/15       EV: 13    Int: 19    God:    Ashenzari [......]
Gold:   34         SH:  5    Dex: 12    Spells: 2/16 levels left

rFire    + . .     SeeInvis .   K - +2 dagger (speed) (curse)
rCold    . . .     Gourm    .   (no shield)
rNeg     . . .     Faith    .   (helmet restricted)
rPois    .         Spirit   .   B - +5 amulet of reflection (curse)
rElec    .         Reflect  +   e - ring of stealth (curse)
rCorr    .         Harm     .   E - ring of protection from fire (curse)
MR       .....                  (no ring)
Stlth    +++++.....             (no ring)
HPRegen  0.15/turn              (no ring)
MPRegen  0.14/turn              (no ring)
                                (no ring)
                                (no ring)

@: marked
A: almost no armour, stealthy swim, amphibious, 8 rings, constrict 8, camouflage
1, gelatinous body 1
a: Curse Item, Renounce Religion


You were on level 7 of the Dungeon.
You worshipped Ashenzari.
Ashenzari was noncommittal.
You were not hungry.

You visited 2 branches of the dungeon, and saw 8 of its levels.
You also visited: Sewer.

You collected 322 gold pieces.
You spent 288 gold pieces at shops.

Inventory:

Hand Weapons
 c - a cursed -2 whip
 K - a cursed +2 dagger of speed (weapon)
Missiles
 f - 25 poisoned needles
 h - 163 stones (quivered)
 i - 32 bolts
 t - 14 sling bullets
 y - 2 tomahawks
 C - 21 arrows
Jewellery
 e - a cursed ring of stealth (left tentacle)
 v - a +5 ring of strength
 B - a cursed +5 amulet of reflection (around mantle)
 E - a cursed ring of protection from fire (right tentacle)
Wands
 F - a wand of disintegration (10)
Scrolls
 a - a scroll of fear {unknown}
 d - a scroll of torment
 g - a scroll of remove curse
 j - a scroll of teleportation
 m - a scroll of magic mapping
 p - a scroll of fog
 w - 2 scrolls of enchant weapon {unknown}
 D - 2 scrolls of amnesia
 J - a scroll of enchant armour {unknown}
Potions
 k - a potion of invisibility {unknown}
 l - 3 potions of magic
 o - a potion of lignification {unknown}
 q - 4 potions of degeneration
 r - 4 potions of brilliance {unknown}
 s - 4 potions of flight
 u - 2 potions of agility {unknown}
 z - a potion of might {unknown}
 A - 6 potions of curing
Comestibles
 b - 8 rations
 x - 6 chunks of flesh


   Skills:
 - Level 0.4 Short Blades
 - Level 2.0 Dodging
 + Level 7.3 Stealth
 + Level 4.6 Spellcasting
 * Level 7.8 Conjurations
 + Level 3.9 Hexes


You had 2 spell levels left.
You knew the following spells:

 Your Spells              Type           Power        Failure   Level  Hunger
a - Magic Dart            Conj           ####         1%          1    None
b - Searing Ray           Conj           ####..       1%          2    #......
c - Dazzling Spray        Conj/Hex       ####..       3%          3    ###....
d - Iskenderun's Mystic   Conj           ####....     4%          4    ####...
e - Fulminant Prism       Conj/Hex       ####......   11%         4    ####...

Your spell library contained the following spells:

 Spells                   Type           Power        Failure   Level  Hunger
 Animate Skeleton         Necr           N/A          13%         1    None
 Pain                     Necr           #...         13%         1    None
 Force Lance              Conj/Tloc      ###.....     26%         4    ####...
 Regeneration             Chrm/Necr      #.........   36%         3    ###....
 Vampiric Draining        Necr           #.........   36%         3    ###....
 Animate Dead             Necr           N/A          78%         4    ####...


Dungeon Overview and Level Annotations

Branches:
Dungeon (7/15)             Temple (1/1) D:7

Altars:
Ashenzari
Cheibriados
Dithmenos
Elyvilon
Fedhas
Gozag
Kikubaaqudgha
Makhleb
Nemelex Xobeh
Okawaru
Qazlal
Ru
Sif Muna
Trog
Uskayaw
Wu Jian
Xom
Yredelemnul
Zin
The Shining One

Shops:
D:6 ?   D:7 (}

Annotations:
D:3 2 transporters
D:4 1 runed door
D:7 Harold


Innate Abilities, Weirdness & Mutations

You cannot wear most types of armour.
You are very stealthy in the water. (Stealth+)
You are amphibious.
You can wear up to eight rings at the same time.
You can use your tentacles to constrict eight enemies at once.
Your skin changes colour to match your surroundings (Stealth+).
Your rubbery body absorbs attacks. (AC +1, EV +1)


Message History

Confirm with . or Enter, or press ? or * to list all spells.
Aiming: Magic Dart (safe; 1% risk of failure)
Press: ? - help, Shift-Dir - straight line, f/p - Harold
Aim: Harold, wielding a halberd and wearing a scale mail (almost dead, The magic dart hits Harold.
Harold is almost dead.
You constrict Harold, but do no damage. You hit Harold but do no damage.
Harold is almost dead.
You constrict Harold, but do no damage. Harold hits you with a halberd!
You are too injured to fight recklessly!
Unknown command.
Evoke which item? (* to show all) (? for menu, Esc to quit)
Aiming: Disintegrate
Press: ? - help, Shift-Dir - straight line, f/p - Harold
Aim: Harold, wielding a halberd and wearing a scale mail (almost dead, Harold is blasted.
You constrict Harold, but do no damage. Harold hits you with a halberd!!
Ouch! That really hurt!
You die...

## #####.##
#####......
#........#
#.8.8.8..#
#..⌠.⌠..##
#.8.>.8.###
#..⌠@⌠....#
.....8.8@8......
...#...........#
##..###.........#
##. .l#........ #
..###...###. ..
#..# .. ..#


You could see Harold and a leopard gecko.

Vanquished Creatures
  An orc warrior (D:7)
  3 ogres
  2 big kobolds (Sewer)
  2 bullfrogs
  A wight (D:7)
  2 jellies
  3 crimson imps
  A hound (D:4)
  4 orc priests
  A bullfrog skeleton (D:5)
  Jessica (D:2)
  An iguana (Temple)
  An orc wizard (Temple)
  A killer bee zombie (D:5)
  A hound skeleton (D:6)
  A worker ant zombie (D:5)
  3 gnolls (D:5)
  8 adders
  2 shadow imps
  An adder zombie (D:5)
  3 oozes (Sewer)
  2 adder skeletons
  5 worms
  2 dart slugs
  3 leopard geckos
  17 orcs
  4 ball pythons
  6 giant cockroaches
  12 goblins
  8 hobgoblins
  3 jackals
  18 kobolds
  2 quokkas
  6 bats
  6 frilled lizards
  A quokka skeleton (D:5)
  A quokka zombie (D:5)
  19 rats
  A plant (Sewer)
159 creatures vanquished.

Vanquished Creatures (others)
  A fulminant prism (D:7)
1 creature vanquished.

Grand Total: 160 creatures vanquished

Notes
Turn   | Place    | Note
-------+----------+-------------------------------------------
     0 | D:1      | Gunterle the Octopode Conjurer began the quest for the Orb.
     0 | D:1      | Reached XP level 1. HP: 11/11 MP: 3/3
   195 | D:1      | Reached XP level 2. HP: 17/17 MP: 5/5
   199 | D:1      | Learned a level 2 spell: Searing Ray
   511 | D:1      | Reached XP level 3. HP: 17/21 MP: 2/6
   819 | D:2      | Noticed Jessica
   822 | D:2      | Killed Jessica
   822 | D:2      | Reached XP level 4. HP: 27/27 MP: 3/8
   835 | D:2      | Learned a level 3 spell: Dazzling Spray
   927 | D:2      | Reached skill level 5 in Conjurations
  1309 | D:2      | Reached XP level 5. HP: 28/31 MP: 5/9
  1498 | D:3      | Found a transporter.
  1508 | D:3      | Found a transporter.
  1808 | D:3      | Found a faded altar of an unknown god.
  1814 | D:3      | Reached skill level 1 in Hexes
  2043 | D:3      | Found a shadowy altar of Dithmenos.
  2396 | D:4      | Found a white marble altar of Elyvilon.
  2397 | D:4      | Found a runed door.
  2397 | D:4      | Noticed an angel
  2578 | D:4      | Noticed an ogre
  2622 | D:4      | Learned a level 4 spell: Iskenderun's Mystic Blast
  2635 | D:4      | Killed an ogre
  2635 | D:4      | Reached XP level 6. HP: 36/36 MP: 0/10
  3159 | D:5      | Entered Level 5 of the Dungeon
  3174 | D:5      | Reached skill level 5 in Stealth
  3277 | D:5      | Reached XP level 7. HP: 24/41 MP: 1/12
  3413 | D:5      | Found a blossoming altar of Fedhas.
  4431 | D:6      | Learned a level 4 spell: Fulminant Prism
  4449 | D:6      | Found a white marble altar of Elyvilon.
  4454 | D:6      | Found Jiud's Magic Scroll Boutique.
  4462 | D:6      | Bought a scroll of fog for 24 gold pieces
  4462 | D:6      | Bought a scroll of identify for 24 gold pieces
  4462 | D:6      | Bought a scroll of teleportation for 36 gold pieces
  4462 | D:6      | Bought a scroll of identify for 24 gold pieces
  4462 | D:6      | Bought a scroll of identify for 24 gold pieces
  4462 | D:6      | Bought a scroll of amnesia for 42 gold pieces
  4462 | D:6      | Bought a scroll of identify for 24 gold pieces
  4537 | D:6      | Reached XP level 8. HP: 46/46 MP: 14/14
  4568 | D:6      | Found a glowing drain.
  4578 | Sewer    | Entered a sewer
  5102 | D:6      | Bought a scroll of torment for 90 gold pieces
  5361 | D:7      | HP: 2/46 [orc warrior/battleaxe (17)]
  5702 | D:7      | Noticed Harold
  5717 | D:7      | Found Gaul's Antique Weapon Boutique.
  5730 | D:7      | Found Gyrphew's Gadget Shoppe.
  5731 | D:7      | HP: 2/46 [Harold/halberd (21)]
  5734 | D:7      | Found a staircase to the Ecumenical Temple.
  5739 | Temple   | Entered the Ecumenical Temple
  5960 | Temple   | Became a worshipper of Ashenzari the Shackled
  6611 | D:7      | Mangled by Harold

Skill      XL: |  1  2  3  4  5  6  7  8 |
---------------+-------------------------+-----
Stealth        | 3 4 5 6 7 |  7.3
Conjurations   | 5 6 7 |  7.8
Hexes          | 1 2 3 |  3.9
Spellcasting   | 3 4 |  4.6
Short Blades   | |  0.4
Dodging        | |  2.0

Action                   |  1- 3 |  4- 6 |  7- 9 || total
-------------------------+-------+-------+-------++-------
Melee: Mace              |     9 |       |       ||     9
       Dagger            |    29 |    48 |   125 ||   202
       Constrict         |     8 |    12 |    23 ||    43
       Tentacles         |     5 |    10 |    17 ||    32
 Cast: Magic Dart        |    22 |    29 |    44 ||    95
       Searing Ray       |     3 |    13 |    29 ||    45
       Dazzling Spray    |       |     1 |     3 ||     4
       Fulminant Prism   |       |       |     1 ||     1
Invok: Curse Item        |       |       |     4 ||     4
Evoke: Wand              |       |       |     4 ||     4
  Use: Scroll            |       |     1 |     9 ||    10
       Potion            |       |       |     5 ||     5
 Stab: Sleeping          |     7 |    18 |    13 ||    38
       Distracted        |     1 |       |       ||     1
  Eat: Chunk             |       |     8 |     8 ||    16
       Ration            |       |       |     1 ||     1
Armor: Skin              |     1 |     2 |     8 ||    11
Dodge: Dodged            |    17 |    25 |    70 ||   112
Block: Other             |       |     8 |    31 ||    39
       Reflection        |       |       |     1 ||     1
